 Dungeon Crawl Stone Soup version 0.25.1-2-g60ff931df9 (webtiles) character file.

Game seed: 13813718253256378191

39 HawFromDerth the Ruffian (level 3, -5/28 HPs)
             Began as a Draconian Transmuter on Sept 22, 2020.
             Killed by nerve-wracking pain
             ... invoked by Jessica
              (8 damage)
             ... on level 2 of the Dungeon.
             The game lasted 00:02:10 (1733 turns).

HawFromDerth the Ruffian (Draconian Transmuter)     Turns: 1733, Time: 00:02:11

Health: -5/28      AC:  5    Str: 13    XL:     3   Next: 26%
Magic:  6/6        EV: 12    Int: 13    God:
Gold:   70         SH:  0    Dex: 11    Spells: 5/6 levels left

rFire    . . .     SeeInvis .   h - +0 dagger
rCold    . . .     Gourm    .   (no shield)
rNeg     . . .     Faith    .   (armour unavailable)
rPois    .         Spirit   .   (helmet restricted)
rElec    .         Reflect  .   (no cloak)
rCorr    .         Harm     .   (no gloves)
MR       .....                  (no boots)
Stlth    +.........             (no amulet)
HPRegen  0.09/turn              (no ring)
MPRegen  0.10/turn              (no ring)

@: no status effects
A: unfitting armour, cold-blooded, AC +5
a: no special abilities


You were on level 2 of the Dungeon.
You were very hungry.

You visited 1 branch of the dungeon, and saw 2 of its levels.

You collected 70 gold pieces.

Inventory:

Hand Weapons
 h - a +0 dagger (weapon)
Missiles
 a - 12 arrows
Scrolls
 b - a scroll of teleportation {unknown}
 d - a scroll of random uselessness {unknown}
 e - a scroll of magic mapping {unknown}
 g - a scroll of identify {unknown}
Potions
 f - a potion of invisibility {unknown}
Comestibles
 c - 3 rations


   Skills:
 + Level 1.1 Fighting
 + Level 2.1 Dodging
 + Level 0.1 Stealth
 + Level 3.6 Unarmed Combat
 + Level 2.3 Spellcasting
 + Level 2.4 Transmutations


You had 5 spell levels left.
You knew the following spells:

 Your Spells              Type           Power        Failure   Level  Hunger
a - Beastly Appendage     Tmut           #.....       10%         1    #......

Your spell library contained the following spells:

 Spells                   Type           Power        Failure   Level  Hunger
 Sticks to Snakes         Tmut           #.......     14%         2    ###....
 Spider Form              Tmut/Pois      #.........   41%         3    ###....
 Ice Form                 Ice/Tmut       #.......     83%         4    #####..
 Blade Hands              Tmut           #.........   95%         5    ######.


Dungeon Overview and Level Annotations

Branches:
Dungeon (2/15)

Altars:

Annotations:
D:2 Jessica


Innate Abilities, Weirdness & Mutations

Your plain brown scales are hard. (AC +5)
You cannot fit into any form of body armour.
You are cold-blooded and may be slowed by cold attacks.


Message History

Your horns disappear.
You see here an adder corpse.
Found a ration.
You start resting.
The worm is too close now for your liking.
You are feeling very hungry.
Found a stone staircase leading down.
c - 3 rations (gained 1)
There is a stone staircase leading down here.
Found 4 boomerangs.
You see here 4 boomerangs.
Found 10 poisoned darts.
Jessica the Apprentice Sorceress comes into view.
Jessica shouts!
Jessica points at you and mumbles some strange words.
Pain shoots through your body!
* * * LOW HITPOINT WARNING * * *
Jessica casts a spell at you. Pain shoots through your body!
You die...

#.# #... .# #.(## ###
.# #..^. ..# .# #...#
#.##### .# #...#
#.....# .# #..###@# #.#
.# #......###.####.#
######.##...@...รท.?..#
#......########.######
#.###### #.# #.# #.#
#(# #.# #.##.###
######.# #.....#
#......# #.##.#.#
#.###### ########## #.
#.#.# #.######
#.....<...


You could see Jessica.

Vanquished Creatures
  An adder (D:2)
  2 dart slugs
  2 giant cockroaches (D:1)
  2 goblins (D:1)
  8 hobgoblins
  2 bats (D:1)
  2 frilled lizards (D:1)
  3 kobolds
  4 rats (D:1)
26 creatures vanquished.

Notes
Turn   | Place    | Note
-------+----------+-------------------------------------------
     0 | D:1      | HawFromDerth the Draconian Transmuter began the quest for
                  | the Orb.
     0 | D:1      | Reached XP level 1. HP: 16/16 MP: 3/3
   295 | D:1      | Reached XP level 2. HP: 19/23 MP: 3/5
  1484 | D:2      | Reached XP level 3. HP: 27/28 MP: 4/6
  1731 | D:2      | Noticed Jessica
  1733 | D:2      | Killed from afar by Jessica

Illustrated notes

Levels and vault maps discovered:
D:1:      erik_arrival_triangle_medium, layout_loops_cross
D:2:      layout_loops_ring, marbit_many_paths, lemuel_crystal_altar,
          first_ration, uniq_jessica

Skill      XL: |  1  2 |
---------------+-------+-----
Dodging        | 2 |  2.1
Fighting       | |  1.1
Stealth        | |  0.1
Unarmed Combat | |  3.6
Spellcasting   | |  2.3
Transmutations | |  2.4

Action                   || total
-------------------------++-------
Melee: Unarmed           ||    67
       Tailslap          ||     4
       Dagger            ||    31
       Headbutt          ||     8
       Kick              ||     4
 Cast: Beastly Appendage ||    20
 Stab: Sleeping          ||     3
  Eat: Chunk             ||     2
Armor: Skin              ||    15
Dodge: Dodged            ||    59
